 Dungeon Crawl Stone Soup version 0.30.0-10-gfe55d96785 (webtiles) character file.

Game seed: 1477820174878967980

18 Dordric the Slasher (level 2, 24/24 HPs)
             Began as a Barachi Monk on May 15, 2023.
             Was a Believer of Kikubaaqudgha.
             Quit the game on level 1 of the Dungeon.
             The game lasted 00:00:50 (895 turns).

Dordric the Slasher (Barachi Monk)                   Turns: 895, Time: 00:00:50

Health: 24/24      AC: 11    Str: 12    XL:     2   Next: 66%
Magic:  2/2        EV:  6    Int: 10    God:    Kikubaaqudgha [**....]
Gold:   46         SH:  0    Dex: 14    Spells: 1/1 levels left

rFire   . . .        a - +0 falchion
rCold   . . .        d - orb {light}
rNeg    . . .        e - +0 chain mail
rPois   .            (no helmet)
rElec   .            (no cloak)
rCorr   .            j - +2 pair of gloves
SInv    .            (no boots)
Will    .....        (no amulet) Stlth
                     (no ring)
HPRegen 0.24/turn    (no ring)
MPRegen 0.08/turn

%: no passive effects
@: glowing, slow
A: amphibious, slowness 1, strong legs 1, +LOS
a: Hop, Renounce Religion, Unearth Wretches


You were on level 1 of the Dungeon.
You worshipped Kikubaaqudgha.
Kikubaaqudgha was pleased with you.
You visited 1 branch of the dungeon, and saw 1 of its levels.

You collected 46 gold pieces.

Inventory:

Hand Weapons
 a - a +0 falchion (weapon)
Armour
 b - a +0 robe
 d - an orb of light (worn)
 e - a +0 chain mail (worn)
 j - a +2 pair of gloves (worn)
Scrolls
 f - a scroll of brand weapon {unknown}
 g - a scroll of immolation {unknown}
 h - a scroll of vulnerability {unknown}
 l - a scroll of fog {unknown}
Potions
 c - a potion of ambrosia
 i - 2 potions of might {unknown}
 k - a potion of heal wounds {unknown}


   Skills:
 - Level 3.6 Fighting
 + Level 4.7 Long Blades
 - Level 3.2 Dodging


You had one spell level left.
You didn't know any spells.
Your spell library contained the following spells:

 Spells                   Type           Power      Damage    Failure   Level
 Kiss of Death            Conj/Necr      0%         2d5       100%        1
 Necrotise                Necr           0%         1d4       100%        1
 Cigotuvi's Dreadful Rot  Necr/Pois/Air  0%         N/A       100%        2
 Sublimation of Blood     Necr           0%         N/A       100%        2


Dungeon Overview and Level Annotations

Branches:
Dungeon (1/15)

Altars:
Kikubaaqudgha

Shops:
D:1 !


Innate Abilities, Weirdness & Mutations

You are amphibious.
You cover ground slowly.
You can hop short distances.
You have an extended range of vision and can be seen from far away.


Message History

You open the door.
There is an open door here.
You open the door.
There is an open door here.
A bat comes into view.
A bat is nearby!
A bat is nearby!
A bat is nearby!
A bat is nearby!
A bat is nearby!
A bat is nearby!
The bat hits you but does no damage.
You hit the bat.
You kill the bat!
No target in view!
No target in view!
No target in view!
No target in view!
No target in view!
No target in view!
You see here a bat corpse.
Found a faded altar of an unknown god.
Found a robe.
Done exploring.
No target in view!
Done exploring.
Things that are here:
a +0 robe; a human skeleton
There is a faded altar of an unknown god here.
This altar belongs to (a) Sif Muna, (b) Kikubaaqudgha or (c) Jiyva, but you can't tell which.
Press the corresponding letter to learn more about a god, or press enter to convert or escape to cancel.
Kikubaaqudgha accepts your prayer! Kikubaaqudgha welcomes you!
You can now bring forth the wretched and dying.
Kikubaaqudgha grants you a gift!
You add the spells Kiss of Death, Necrotise, Cigotuvi's Dreadful Rot and Sublimation of Blood to your library.
Kikubaaqudgha is now protecting you from necromantic miscasts and death curses.
Done exploring.
Done exploring.
Done exploring.
Are you sure you want to abandon this character and quit the game? (Confirm with "yes".)

###
#.#######################
#......†.................
#.#######################
#.# #...##P## ##..#....#
#.###.###P..####...#....#
#.#....##...P#P.P....#..#
###'#'##.#♣.PP.##.##...#.##
#........#@.~~..#.#........
#......###♣[PP.#.P##.######
#.......+##...P#P###.......
#.......#.#P..#### ########
#.......#.##P## ####
#..........###
...######'#.....##
...#......#.....#
...#......#.#+#.#


There were no monsters in sight!

Vanquished Creatures
  2 bats (D:1)
  An endoplasm (D:1)
  A giant cockroach (D:1)
  2 hobgoblins (D:1)
  2 jackals (D:1)
  2 ball pythons (D:1)
  A frilled lizard (D:1)
  4 kobolds (D:1)
15 creatures vanquished.

Notes
Turn   | Place    | Note
-------+----------+-------------------------------------------
     0 | D:1      | Dordric the Barachi Monk began the quest for the Orb.
     0 | D:1      | Reached XP level 1. HP: 18/18 MP: 1/1
   114 | D:1      | Reached skill level 4 in Long Blades
   313 | D:1      | Reached XP level 2. HP: 24/24 MP: 2/2
   455 | D:1      | Found Gesch's Distillery.
   797 | D:1      | Found a faded altar of an unknown god.
   894 | D:1      | Prayed at the altar of an unknown god.
   894 | D:1      | Became a worshipper of Kikubaaqudgha
   894 | D:1      | Reached * piety under Kikubaaqudgha
   894 | D:1      | Received a gift from Kikubaaqudgha
   894 | D:1      | Reached ** piety under Kikubaaqudgha
   895 | D:1      | Quit the game

Illustrated notes

Levels and vault maps discovered:
D:1:      roderic_octagonal_star, layout_basic,
          dreamdust_ecumenical_altar_hidden_monk_grotto, serial_shops, shop,
          minmay_pentomino_x2

Skill      XL: |  1 |
---------------+----+-----
Long Blades    | 4 |  4.7
Fighting       | |  3.6
Dodging        | |  3.2

Action                     || total
---------------------------++-------
  Melee: Falchion          ||    37
 Armour: Chain mail        ||    28
         Robe              ||     1
  Dodge: Dodged            ||     9
